AoeStats
← Teetrinker

Lombardia

508276362Analyzed
2v2 RM · 10d ago on Sep 21, 2026· 36m 24s· 4 players
Game mode
Random Map
Map size
Medium (4 player)
Population
200
Speed
Normal
Resources
Standard
Victory
Conquest
Starting age
Dark Age
Ending age
Imperial Age
RankedLock teamsTeams togetherTeam positionsShared explorationLock speedFull tech treeHidden civsTurbo modeCheats
Victory
Defeat
🇩🇪 Khmer · Germany
1123
+14
🇩🇪 Teutons · Germany
1060
+16
🇫🇷 Malay · France
1140
-18
992
-35
★Korona★ hellcase.org
10:43 Feudal Age
10:43 Loom
12:51 Double-Bit Axe
18:36 Castle Age
16:29 Horse Collar
21:28 Gold Mining
21:43 Heavy Plow
22:40 Bow Saw
25:13 Wheelbarrow
26:50 Hand Cart
27:27 Cavalier
28:59 Husbandry
29:17 Forging
29:33 Scale Barding Armor
30:40 Iron Casting
33:50 Ballistics
36:12 Imperial Age
35:16 Chain Barding Armor
alexggg56
8:22 Loom
10:58 Feudal Age
11:14 Double-Bit Axe
11:12 Horse Collar
14:21 Wheelbarrow
16:55 Gold Mining
19:14 Castle Age
18:22 Fletching
18:33 Padded Archer Armor
19:19 Bow Saw
19:33 Heavy Plow
20:40 Bodkin Arrow
22:40 Gold Shaft Mining
24:07 Leather Archer Armor
24:11 Crossbowman
25:14 Ballistics
24:35 Treadmill Crane
24:59 Stone Mining
27:20 Thumb Ring
28:49 Stone Shaft Mining
29:09 Hand Cart
28:42 Town Watch
35:25 Imperial Age
34:57 Bracer
35:27 Ring Archer Armor
35:52 Conscription
Berni4778
11:12 Feudal Age
14:33 Castle Age
14:07 Double-Bit Axe
16:01 Bow Saw
23:09 Horse Collar
25:34 Scale Barding Armor
25:40 Forging
25:42 Bloodlines
25:33 Husbandry
28:29 Imperial Age
26:58 Chain Barding Armor
28:39 Iron Casting
28:36 Cavalier
29:52 Plate Barding Armor
29:06 Loom
29:57 Wheelbarrow
31:09 Blast Furnace
Teetrinker
11:41 Feudal Age
17:01 Castle Age
15:22 Double-Bit Axe
15:45 Horse Collar
16:52 Wheelbarrow
20:10 Bow Saw
26:07 Hand Cart
29:21 Imperial Age
27:05 Loom
27:05 Town Watch
27:52 Forging
27:48 Scale Barding Armor
28:51 Gold Mining
29:28 Bloodlines
29:39 Cavalier
30:53 Chain Barding Armor
31:08 Iron Casting
30:03 Cavalier
32:54 Plate Barding Armor
31:43 Paladin
34:19 Blast Furnace
33:10 Fletching
36:01 Conscription
36:10 Stone Mining
Connection lost

Rejoining the realm…

Still unreachable

The connection could not be restored.

Session expired

The server has moved on; the page needs a fresh start.